 Dungeon Crawl Stone Soup version 0.30-a0-242-g7bf8e6d787 (webtiles) character file.

Game seed: 7910452275019639585

2821 themarg the Cleaver (level 9, -1/77 (81) HPs)
             Began as a Minotaur Fighter on Oct 12, 2022.
             Was an Initiate of Okawaru.
             Slain by a vampire (10 damage)
             ... on level 7 of the Dungeon.
             The game lasted 00:16:15 (5993 turns).

themarg the Cleaver (Minotaur Fighter)              Turns: 5993, Time: 00:16:16

HP:   -1/77 (81)    AC:  9    Str: 26    XL:     9   Next: 45%
MP:   8/8           EV: 11    Int:  5    God:    Okawaru [......]
Gold: 449           SH:  0    Dex:  9    Spells: 8/8 levels left

rFire   . . .      SeeInvis .    a - +0 war axe
rCold   . . .      Faith    .    c - +0 buckler
rNeg    . . .      Spirit   .    b - +0 scale mail
rPois   .          Reflect  .    (helmet restricted)
rElec   .          Harm     .    G - +0 cloak
rCorr   .          Rampage  .    l - +0 pair of gloves
Will    .....                    (no boots)
Stlth   ..........               (no amulet)
HPRegen 0.32/turn                (no ring)
MPRegen 0.11/turn                (no ring)

@: confused, lightly drained
A: horns 2, retaliatory headbutt
a: Renounce Religion


You were on level 7 of the Dungeon.
You worshipped Okawaru.
Okawaru was noncommittal.
You visited 2 branches of the dungeon, and saw 8 of its levels.

You collected 449 gold pieces.

Inventory:

Hand Weapons
 a - a +0 war axe (weapon)
 F - a +2 hammer of protection
Missiles
 e - 62 stones (quivered)
 v - 3 boomerangs
 z - a throwing net {=f !f}
 E - 6 poisoned darts
Armour
 b - a +0 scale mail (worn)
 c - a +0 buckler (worn)
 l - a +0 pair of gloves (worn)
 G - a +0 cloak (worn)
Jewellery
 m - a +4 ring of protection
 A - an amulet of reflection
 C - a ring of resist corrosion
Wands
 j - a wand of digging (11)
 y - a wand of flame (9)
Scrolls
 g - 2 scrolls of blinking
 h - 3 scrolls of teleportation
 i - 4 scrolls of poison {unknown}
 k - a scroll of brand weapon {unknown}
 o - 4 scrolls of enchant weapon
 p - a scroll of torment {unknown}
 r - a scroll of vulnerability {unknown}
 w - a scroll of enchant armour {unknown}
 D - a scroll of fog {unknown}
Potions
 d - a potion of degeneration {unknown}
 f - a potion of heal wounds
 n - 3 potions of mutation
 q - a potion of brilliance {unknown}
 s - a potion of ambrosia {unknown}
 t - a potion of magic {unknown}
 u - a potion of lignification {unknown}
 x - 2 potions of flight {unknown}
 B - a potion of curing {unknown}


   Skills:
 + Level 8.2 Fighting
 + Level 11.8 Axes
 - Level 5.0 Armour
 - Level 5.0 Dodging
 - Level 5.0 Shields


You had 8 spell levels left.
You didn't know any spells.
Your spell library contained the following spells:

 Spells                   Type           Power      Damage    Failure   Level
 Apportation              Tloc           0%         N/A       83%         1
 Freeze                   Ice            0%         1d3       83%         1
 Necrotise                Necr           0%         1d4       83%         1
 Frozen Ramparts          Ice            0%         1d1       99%         3
 Hailstorm                Conj/Ice       0%         3d3       99%         3
 Vampiric Draining        Necr           0%         2d6       99%         3
 Agony                    Necr           0%         N/A       100%        5
 Orb of Destruction       Conj           0%         9d5       100%        7
 Summon Small Mammal      Summ           Unusable   N/A       N/A         1
 Summon Guardian Golem    Hex/Summ       Unusable   N/A       N/A         3
 Spellforged Servitor     Conj/Summ      Unusable   N/A       N/A         7

Dungeon Overview and Level Annotations

Branches:
Dungeon (7/15)             Temple (1/1) D:6

Altars:
Ashenzari
Cheibriados
Dithmenos
Fedhas
Gozag
Hepliaklqana
Makhleb
Okawaru
Qazlal
Ru
Sif Muna
Trog
Uskayaw
Wu Jian
Xom
Zin
The Shining One


Innate Abilities, Weirdness & Mutations

You have a pair of horns on your head.
You reflexively headbutt those who attack you in melee.


Message History

Something hits you but does no damage. Something bites you!
Something draws strength from your injuries!
You miss something. You headbutt something. Something hits you!
Something bites you!
Something draws strength from your injuries!
You barely miss something. Your headbutt misses something. Something hits you.
Something bites you!
Something draws strength from your injuries!
You're too confused to move!
Something hits you but does no damage. Something bites you.
Something draws strength from your injuries!
Something hits you. Something bites you.
Something draws strength from your injuries!
You feel much better. Something hits you but does no damage.
Something bites you!
Something draws strength from your injuries!
Something hits you. Something bites you.
Something draws strength from your injuries!
You hear some strange, mumbled words.
You are more confused.
You bump into the stone wall.
You're too confused to move!
You hear some strange, mumbled words.
Something tries to affect you, but you resist.
Something hits you.
* * * LOW HITPOINT WARNING * * *
Something bites you but does no damage.
You bump into the stone wall.
Something barely misses you. Something bites you but does no damage.
Something hits you.
* * * LOW HITPOINT WARNING * * *
Something bites you!
* * * LOW HITPOINT WARNING * * *
Something draws strength from your injuries!
You slice something!! Your headbutt misses something. Something hits you.
* * * LOW HITPOINT WARNING * * *
Something bites you but does no damage.
You bump into the rock wall.
Something hits you but does no damage. Something bites you!
You die...

#####.........#..## #.###
###...............## #....
#...###.........### ##....
#.#################### ###.....
#....................#####....###
#.#...#...#...#...#..#.....##.#
#..................._#...####.###
###...#...#...#{..#..#...........
#..............@....#...#..#.###
#####################...##...#
##.......###..# #..#.##### #..#
#.#..# #...# #. #.## ##...# #
#..# #.#.# #.#. #.# .. ..


There were no monsters in sight!

Vanquished Creatures
  Pikel (D:5)
  Grinder (D:4)
  A wraith (D:5)
  2 sky beasts
  An orc warrior (D:6)
  An ice beast (D:6)
  3 black bears
  A centaur (D:6)
  2 ogres
  A lemure (D:5)
  A phantom (D:5)
  A scorpion (D:5)
  A necrophage (D:4)
  4 wights (D:7)
  A howler monkey (D:5)
  2 orc priests
  Crazy Yiuf (D:7)
  2 hounds
  5 iguanas
  4 orc wizards
  4 gnolls (D:6)
  12 adders
  A shadow imp (D:3)
  A white imp (D:7)
  An ufetubus (D:4)
  3 worms
  3 dart slugs
  26 orcs
  A bat (D:2)
  5 endoplasms
  4 giant cockroaches
  6 goblins
  4 hobgoblins
  9 jackals
  A quokka (D:1)
  6 ball pythons
  2 frilled lizards
  8 kobolds
  5 rats
138 creatures vanquished.

Vanquished Creatures (others)
  A demonspawn (D:1)
  A gargoyle (D:1)
  A vine stalker (D:1)
  2 trolls (D:1)
  A formicid (D:1)
  A vampire (D:1)
  A naga (D:1)
  An ogre (D:1)
  A mummy (D:1)
  A gnoll (D:1)
  A kobold (D:1)
  4 fungi (D:7)
  4 tentacles (D:1)
20 creatures vanquished.

Grand Total: 158 creatures vanquished

Notes
Turn   | Place    | Note
-------+----------+-------------------------------------------
     0 | D:1      | themarg the Minotaur Fighter began the quest for the Orb.
     0 | D:1      | Reached XP level 1. HP: 19/19 MP: 0/0
     0 | D:1      | Noticed a formicid
     0 | D:1      | Noticed a vampire
     0 | D:1      | Noticed a troll
     0 | D:1      | Noticed a kraken
     0 | D:1      | Noticed a demonspawn
     0 | D:1      | Noticed an ogre
     0 | D:1      | Noticed a vine stalker
     0 | D:1      | Noticed a troll
     0 | D:1      | Noticed a naga
     0 | D:1      | Noticed a gargoyle
     4 | D:1      | Killed a formicid
     7 | D:1      | Killed a troll
     7 | D:1      | Killed a vampire
     8 | D:1      | Killed an ogre
     9 | D:1      | Killed a gargoyle
    10 | D:1      | Killed a vine stalker
    11 | D:1      | Killed a naga
    12 | D:1      | Killed a troll
    13 | D:1      | Killed a demonspawn
   120 | D:1      | Reached XP level 2. HP: 27/27 MP: 1/1
   178 | D:1      | Found a faded altar of an unknown god.
   246 | D:1      | Reached skill level 3 in Axes
   642 | D:2      | Reached XP level 3. HP: 29/33 MP: 2/2
  1023 | D:2      | Reached XP level 4. HP: 41/41 MP: 3/3
  1508 | D:3      | Reached skill level 4 in Axes
  1618 | D:3      | Reached skill level 5 in Fighting
  1692 | D:3      | Reached skill level 5 in Shields
  1692 | D:3      | Reached XP level 5. HP: 24/48 MP: 4/4
  2014 | D:4      | Found a broken altar of Ashenzari.
  2018 | D:4      | Noticed Grinder
  2272 | D:4      | Noticed a black bear
  2276 | D:4      | Killed a black bear
  2277 | D:4      | Reached skill level 5 in Axes
  2286 | D:4      | Reached skill level 6 in Axes
  2286 | D:4      | Reached XP level 6. HP: 49/56 MP: 5/5
  2381 | D:4      | Killed Grinder
  2382 | D:4      | Reached skill level 7 in Axes
  2382 | D:4      | Reached XP level 7. HP: 13/61 MP: 6/6
  2705 | D:4      | Reached skill level 8 in Axes
  2810 | D:5      | Entered Level 5 of the Dungeon
  3058 | D:5      | Noticed Pikel
  3150 | D:5      | Reached skill level 9 in Axes
  3412 | D:5      | Reached skill level 10 in Axes
  3767 | D:5      | Killed Pikel
  3768 | D:5      | Reached XP level 8. HP: 32/70 MP: 7/7
  3937 | D:5      | Reached skill level 5 in Armour
  4538 | D:6      | Reached skill level 11 in Axes
  4538 | D:6      | Reached XP level 9. HP: 70/79 MP: 8/8
  4611 | D:6      | Found a staircase to the Ecumenical Temple.
  4618 | Temple   | Entered the Ecumenical Temple
  4742 | Temple   | Became a worshipper of Warmaster Okawaru
  5518 | D:7      | Found a glowing golden altar of the Shining One.
  5672 | D:7      | Found a runed translucent door.
  5673 | D:7      | Noticed Crazy Yiuf
  5682 | D:7      | Killed Crazy Yiuf
  5683 | D:7      | Reached skill level 5 in Dodging
  5978 | D:7      | Found a shimmering blue altar of Sif Muna.
  5993 | D:7      | Slain by a vampire

Illustrated notes

Levels and vault maps discovered:
D:1:      nicolae_arrival_kraken_aquarium_a, layout_basic,
          nicolae_ecumenical_lake_church
D:2:      layout_basic
D:3:      layout_rooms
D:4:      layout_basic, kennysheep_mini, minmay_vboxes, uniq_grinder
D:5:      layout_layer_cave, uniq_pikel
D:6:      layout_loops_ring, minmay_temple_entry_overgrown
D:7:      layout_rooms, lemuel_coloured_pillars_altar, kennysheep_little_box,
          nicolae_elyvilon_temple_path, st_stairs_9, grunt_ministairs_15,
          minmay_statues_item, uniq_crazy_yiuf_cottage, uniq_duvessa
Temple:   nicolae_temple_superstar

Skill      XL: |  1  2  3  4  5  6  7  8  9 |
---------------+----------------------------+-----
Shields        | 4 5 |  5.0
Fighting       | 4 5 7 8 |  8.2
Axes           | 3 4 6 7 10 11 | 11.8
Armour         | 4 5 |  5.0
Dodging        | 2 4 5 |  5.0

Action                   |  1- 3 |  4- 6 |  7- 9 || total
-------------------------+-------+-------+-------++-------
Melee: War axe           |    59 |   109 |   219 ||   387
       Headbutt          |     6 |    16 |    37 ||    59
  Use: Scroll            |       |     3 |     3 ||     6
       Potion            |       |     1 |     1 ||     2
Armor: Scale mail        |    22 |    47 |    79 ||   148
Dodge: Dodged            |    33 |    45 |    69 ||   147
Block: Buckler           |    12 |    31 |    25 ||    68

Table legend: (Time is in decaauts)
 A = Elapsed time spent in this place.
 B = Non-inter-level travel time spent in this place.
 C = Inter-level travel time spent in this place.
 D = Time resting spent in this place.
 E = Time spent auto-exploring this place.
 F = Levels seen in this place.
 G = Mean time per level.
                   A        B        C        D        E       F      G
               +--------+--------+--------+--------+--------+-----+--------+
         Total |   6069 |   5742 |    327 |    903 |   3814 |   8 |  758.6 |
       Dungeon |   5931 |   5626 |    305 |    903 |   3714 |   7 |  847.3 |
        Temple |    137 |    115 |     22 |      0 |    100 |   1 |  137.0 |
               +--------+--------+--------+--------+--------+-----+--------+

Top non-repeatable levels by time:
     D:5: 1318 daAuts
     D:6: 1200 daAuts
     D:4: 862 daAuts
     D:2: 795 daAuts
     D:1: 636 daAuts
     D:3: 631 daAuts
     D:7: 487 daAuts
  Temple: 137 daAuts
